 Dungeon Sprint DCSS version 0.17-a0-1360-g37db002 (webtiles) character file.

7200000 Kidiri the Conqueror (level 27, -22/323 HPs)
             Began as an Ogre Warper on June 11, 2015.
             Was the Champion of Makhleb.
             Killed by the air
             ... invoked by a tyrant
              (38 damage)
             ... in the Dungeon (Sprint VIII: "Arena of Blood").
             The game lasted 00:04:45 (72 turns).

Kidiri the Conqueror (Ogre Warper)                    Turns: 72, Time: 00:04:45

Health: -22/323    AC:  5    Str: 24    XL:     27
Magic:  20/54      EV: 31    Int: 12    God:    Makhleb [******]
Gold:   0          SH:  0    Dex: 18    Spells: 1 memorised, 79 levels left

rFire  . . .     SeeInvis .     l - +∞ Axe of Woe
rCold  . . .     Clarity  .     b - +0 robe
rNeg   . . .     SustAt   .     (no shield)
rPois  .         Gourm    .     (helmet restricted)
rElec  .         Spirit   .     (no cloak)
rCorr  .         Warding  .     (gloves unavailable)
rMut   .         NoTele   +     (boots unavailable)
MR     ++...                    (no amulet)
Stlth  ++++++....               (no ring)
                                (no ring)

@: slowed, very slow, very resistant to hostile enchantments, very stealthy
A: unfitting armour, tough skin 1
a: Minor Destruction, Lesser Servant of Makhleb, Major Destruction, Greater
Servant of Makhleb, Renounce Religion


You were in the Dungeon.
You worshipped Makhleb.
Makhleb was exalted by your worship.
You were not hungry.

You visited 1 branch

Inventory:

Hand weapons
 a - a +0 hand axe
 l - the +∞ Axe of Woe (weapon)
   (You found it in the Dungeon)
Missiles
 e - 5 tomahawks of dispersal (quivered)
Armour
 b - a +0 robe (worn)
Scrolls
 d - 2 scrolls of blinking
Potions
 g - a potion of curing
 h - a potion of heal wounds
 i - a potion of haste
 j - 2 potions of magic
 k - a potion of berserk rage
Books
 c - a book of Spatial Translocations

   Spells                             Type                      Level
   a - Apportation                    Translocation                1
   b - Blink                          Translocation                2
   c - Shroud of Golubria             Charms/Translocation         2
   d - Portal Projectile              Translocation                3
   e - Teleport Other                 Translocation                3
   f - Passage of Golubria            Translocation                4
Comestibles
 f - a bread ration


   Skills:
 O Level 27 Fighting
 O Level 27 Axes
 O Level 27 Throwing
 O Level 27 Armour
 O Level 27 Dodging
 O Level 27 Stealth
 O Level 27 Unarmed Combat
 O Level 27 Spellcasting
 O Level 27 Translocations
 O Level 27 Invocations


You had 79 spell levels left.
You knew the following spells:

 Your Spells              Type           Power        Failure   Level  Hunger
a - Apportation           Tloc           ######....   0%          1    None


Dungeon Overview and Level Annotations

Branches:
Dungeon (1/1)

Altars:
Makhleb


Innate Abilities, Weirdness & Mutations

You are too large for most types of armour.
You have tough skin (AC +1).


Message History

The tyrant mumbles some strange words.
You hear a shout! x6
The tyrant waves its bony arms in wide circles.
The air twists around and strikes you!
* * * LOW HITPOINT WARNING * * *
The dread throws hellfire at you.
The hellfire explodes!
The burst of hellfire engulfs you!
* * * LOW HITPOINT WARNING * * *
The burst of hellfire engulfs the bag of meat.
You hear a shout!
An orc, 2 ogres and a hell beast come into view.
A bag of meat comes into view. It is wielding a +9 war axe.
You hear a shout! x2
The meat beast is engulfed in roaring flames.
The tyrant waves its bony arms in wide circles.
The air twists around and strikes you!
* * * LOW HITPOINT WARNING * * *
The tyrant waves its bony arms in wide circles.
The air twists around and strikes you!
You die...

.o ###...#..... .
.###......#...........
..#O.........%...%......
..o...#..............o..
.......#§......%#..o....
.....2..V.#...%.#.......
.....o.#o)....###.......
#....@))))).).)..###..
##..§2§)M#))..)..._...
#..§§o#X))).))#.....#
..o###.X))LXX...#_.<._#
... #XLXX#2.XM...#.....#
.. .XX..XXX#.X......_...
. #..X...§....W....###..
........X...###.... ..
..........O.. #.... ..


You could see 2 accurseds, a tentacled monstrosity, 3 meat beasts, 2 tyrants, a
destroyer, 10 large abominations, a dread, a meat berserker (berserk) and 6 bags
of meat.

Vanquished Creatures
  Sigmund (D)
  3 hell beasts (D)
  2 wraiths (D)
  12 vampire knights (D)
  24 ogres (D)
  3 liches (D)
  65 orcs (D)
  3 hill giants (D)
  6 skeletal warriors (D)
  9 large abominations (D)
  7 small abominations (D)
  8 crawling corpses (D)
143 creatures vanquished.

Vanquished Creatures (others)
  A crawling corpse (D)
1 creature vanquished.

Grand Total: 144 creatures vanquished

Notes
Turn   | Place    | Note
--------------------------------------------------------------
     0 | D        | Kidiri the Ogre Warper began the quest for the Orb.
     0 | D        | Reached XP level 1. HP: 22/22 MP: 3/3
     3 | D        | Noticed a bag of meat
     4 | D        | Became a worshipper of Makhleb the Destroyer
     5 | D        | Noticed a bag of meat
     6 | D        | Noticed a bag of meat
     6 | D        | Noticed a bag of meat
     6 | D        | Noticed a bag of meat
     7 | D        | Noticed a meat berserker
     9 | D        | Noticed a bag of meat
    10 | D        | Noticed a bag of meat
    10 | D        | Killed a bag of meat
    10 | D        | Reached skill level 14 in Fighting
    10 | D        | Reached skill level 10 in Dodging
    10 | D        | Reached XP level 2. HP: 26/55 MP: 3/15
    10 | D        | Reached XP level 3. HP: 29/63 MP: 3/17
    10 | D        | Reached XP level 4. HP: 33/72 MP: 3/18
    10 | D        | Reached XP level 5. HP: 36/80 MP: 3/20
    10 | D        | Reached XP level 6. HP: 40/89 MP: 3/21
    10 | D        | Reached XP level 7. HP: 43/97 MP: 3/23
    10 | D        | Reached XP level 8. HP: 46/106 MP: 3/24
    10 | D        | Reached XP level 9. HP: 49/114 MP: 3/25
    10 | D        | Reached XP level 10. HP: 52/123 MP: 3/26
    10 | D        | Reached XP level 11. HP: 55/131 MP: 3/27
    10 | D        | Reached XP level 12. HP: 58/140 MP: 3/28
    10 | D        | Noticed a bag of meat
    11 | D        | Noticed a meat berserker
    11 | D        | Noticed a bag of meat
    11 | D        | Killed a bag of meat
    11 | D        | Acquired Makhleb's first power
    11 | D        | Reached skill level 16 in Fighting
    11 | D        | Reached skill level 10 in Translocations
    11 | D        | Reached XP level 13. HP: 22/154 MP: 3/31
    11 | D        | Killed a meat berserker
    11 | D        | Reached skill level 19 in Fighting
    11 | D        | Reached XP level 14. HP: 88/172 MP: 3/34
    12 | D        | Noticed a bag of meat
    12 | D        | Killed a bag of meat
    12 | D        | Acquired Makhleb's second power
    12 | D        | Reached skill level 20 in Fighting
    12 | D        | Reached skill level 15 in Dodging
    12 | D        | Reached XP level 15. HP: 133/183 MP: 3/36
    13 | D        | Noticed a bag of meat
    13 | D        | Noticed a meat berserker
    13 | D        | Noticed a meat berserker
    13 | D        | Killed a bag of meat
    13 | D        | Killed a bag of meat
    13 | D        | Acquired Makhleb's third power
    13 | D        | Reached skill level 21 in Fighting
    13 | D        | Reached XP level 16. HP: 168/198 MP: 4/38
    14 | D        | Noticed a bag of meat
    14 | D        | Noticed a bag of meat
    14 | D        | Noticed a bag of meat
    14 | D        | Noticed a bag of meat
    14 | D        | Killed a bag of meat
    14 | D        | Reached skill level 22 in Fighting
    14 | D        | Killed a meat berserker
    14 | D        | Reached skill level 23 in Fighting
    14 | D        | Reached skill level 15 in Translocations
    14 | D        | Reached XP level 17. HP: 203/214 MP: 4/41
    14 | D        | Killed a meat berserker
    14 | D        | Acquired Makhleb's fourth power
    14 | D        | Reached skill level 25 in Fighting
    15 | D        | Noticed a bag of meat
    15 | D        | Noticed a meat berserker
    15 | D        | Killed a bag of meat
    15 | D        | Reached XP level 18. HP: 228/232 MP: 4/44
    16 | D        | Noticed a bag of meat
    16 | D        | Noticed a bag of meat
    17 | D        | Noticed a bag of meat
    17 | D        | Noticed a meat berserker
    17 | D        | Noticed a meat berserker
    17 | D        | Noticed a bag of meat
    18 | D        | Noticed a bag of meat
    18 | D        | Noticed a meat berserker
    18 | D        | Noticed a bag of meat
    19 | D        | Noticed a bag of meat
    19 | D        | Killed a bag of meat
    19 | D        | Reached skill level 26 in Fighting
    19 | D        | Killed a meat berserker
    19 | D        | Acquired Makhleb's fifth power
    19 | D        | Reached skill level 27 in Fighting
    19 | D        | Killed a meat berserker
    19 | D        | Reached XP level 19. HP: 242/245 MP: 5/48
    20 | D        | Noticed a bag of meat
    20 | D        | Noticed a bag of meat
    20 | D        | Killed a bag of meat
    20 | D        | Killed a bag of meat
    20 | D        | Killed a bag of meat
    20 | D        | Killed a bag of meat
    20 | D        | Reached skill level 27 in Axes
    20 | D        | Reached skill level 27 in Throwing
    20 | D        | Reached skill level 27 in Spellcasting
    20 | D        | Reached XP level 20. HP: 256/256 MP: 5/51
    21 | D        | Noticed a bag of meat
    21 | D        | Noticed a bag of meat
    21 | D        | Noticed a bag of meat
    21 | D        | Killed a meat berserker
    22 | D        | Noticed a bag of meat
    22 | D        | Noticed a destroyer
    22 | D        | Killed a bag of meat
    22 | D        | Reached skill level 5 in Armour
    22 | D        | Reached skill level 5 in Stealth
    22 | D        | Reached skill level 5 in Unarmed Combat
    22 | D        | Killed a meat berserker
    22 | D        | Reached XP level 21. HP: 265/265 MP: 6/52
    22 | D        | Killed a bag of meat
    22 | D        | Reached skill level 10 in Armour
    22 | D        | Reached skill level 27 in Dodging
    23 | D        | Noticed a bag of meat
    23 | D        | Noticed a meat berserker
    23 | D        | Noticed a meat berserker
    23 | D        | Noticed a meat berserker
    23 | D        | Noticed a destroyer
    23 | D        | Killed a meat berserker
    24 | D        | Killed a bag of meat
    25 | D        | Killed a bag of meat
    25 | D        | Reached skill level 15 in Stealth
    25 | D        | Reached skill level 15 in Unarmed Combat
    25 | D        | Reached XP level 22. HP: 275/275 MP: 7/53
    25 | D        | Killed a bag of meat
    25 | D        | Reached skill level 15 in Armour
    26 | D        | Noticed a bag of meat
    26 | D        | Noticed a meat berserker
    26 | D        | Killed a bag of meat
    26 | D        | Killed a bag of meat
    26 | D        | Killed a destroyer
    26 | D        | Reached XP level 23. HP: 284/284 MP: 7/54
    27 | D        | Noticed a bag of meat
    27 | D        | Noticed a bag of meat
    27 | D        | Killed a bag of meat
    27 | D        | Killed a bag of meat
    27 | D        | Reached skill level 27 in Translocations
    28 | D        | Noticed a bag of meat
    28 | D        | Noticed a bag of meat
    28 | D        | Noticed a destroyer
    28 | D        | Noticed a bag of meat
    28 | D        | Killed a meat berserker
    28 | D        | Noticed a bag of meat
    28 | D        | Noticed a destroyer
    28 | D        | Noticed a bag of meat
    29 | D        | Noticed a bag of meat
    29 | D        | Noticed a large bag of meat
    29 | D        | Noticed a destroyer
    29 | D        | Killed a large bag of meat
    29 | D        | Killed a bag of meat
    29 | D        | Reached skill level 27 in Invocations
    29 | D        | Killed a destroyer
    29 | D        | Reached XP level 24. HP: 295/295 MP: 8/54
    29 | D        | Killed a bag of meat
    30 | D        | Noticed a bag of meat
    30 | D        | Noticed a bag of meat
    30 | D        | Killed a bag of meat
    30 | D        | Reached skill level 27 in Stealth
    30 | D        | Killed a meat berserker
    30 | D        | Reached skill level 27 in Armour
    30 | D        | Reached skill level 27 in Unarmed Combat
    30 | D        | Killed a bag of meat
    30 | D        | Killed a bag of meat
    30 | D        | Reached XP level 25. HP: 304/304 MP: 8/54
    31 | D        | Noticed a destroyer
    31 | D        | Noticed a bag of meat
    31 | D        | Noticed a bag of meat
    31 | D        | Killed a bag of meat
    31 | D        | Killed a bag of meat
    31 | D        | Killed a destroyer
    32 | D        | Noticed a destroyer
    32 | D        | Noticed a bag of meat
    32 | D        | Killed a bag of meat
    32 | D        | Killed a bag of meat
    32 | D        | Killed a meat berserker
    32 | D        | Reached XP level 26. HP: 314/314 MP: 8/54
    32 | D        | Killed a meat berserker
    32 | D        | Killed a bag of meat
    33 | D        | Noticed a bag of meat
    34 | D        | Killed a bag of meat
    34 | D        | Killed a destroyer
    35 | D        | Noticed a bag of meat
    35 | D        | Killed a bag of meat
    35 | D        | Reached XP level 27. HP: 323/323 MP: 9/54
    36 | D        | Noticed a sculptor of flesh
    36 | D        | Noticed a bag of meat
    36 | D        | Killed a bag of meat
    36 | D        | Killed a bag of meat
    36 | D        | Killed a bag of meat
    37 | D        | Noticed a destroyer
    37 | D        | Noticed a sculptor of flesh
    37 | D        | Killed a bag of meat
    37 | D        | Killed a destroyer
    37 | D        | Killed a destroyer
    38 | D        | Noticed a bag of meat
    38 | D        | Killed a bag of meat
    38 | D        | Killed a destroyer
    39 | D        | Noticed a bag of meat
    39 | D        | Noticed a bag of meat
    39 | D        | Killed a bag of meat
    39 | D        | Killed a bag of meat
    40 | D        | Noticed a sculptor of flesh
    40 | D        | Noticed a sculptor of flesh
    40 | D        | Killed a bag of meat
    40 | D        | Killed a bag of meat
    40 | D        | Killed a sculptor of flesh
    40 | D        | Killed a bag of meat
    40 | D        | Killed a bag of meat
    41 | D        | Noticed a meat berserker
    41 | D        | Noticed a destroyer
    41 | D        | Killed a bag of meat
    42 | D        | Noticed a bag of meat
    42 | D        | Noticed a bag of meat
    43 | D        | Noticed a large bag of meat
    44 | D        | Noticed a bag of meat
    44 | D        | Noticed a bag of meat
    44 | D        | Noticed a bag of meat
    45 | D        | Killed a sculptor of flesh
    45 | D        | Killed a destroyer
    46 | D        | Killed a destroyer
    47 | D        | Noticed a destroyer
    47 | D        | Noticed a meat berserker
    47 | D        | Killed a bag of meat
    48 | D        | Killed a bag of meat
    48 | D        | Killed a bag of meat
    49 | D        | Noticed a destroyer
    49 | D        | Killed a sculptor of flesh
    49 | D        | Killed a meat berserker
    50 | D        | Killed a bag of meat
    50 | D        | Killed a bag of meat
    50 | D        | Killed a large bag of meat
    51 | D        | Noticed a meat berserker
    51 | D        | Noticed a bag of meat
    51 | D        | Noticed a meat berserker
    52 | D        | Noticed a tyrant
    52 | D        | Noticed a meat berserker
    52 | D        | Killed a meat berserker
    52 | D        | Killed a bag of meat
    53 | D        | Noticed a meat berserker
    53 | D        | Noticed a bag of meat
    53 | D        | Noticed a meat berserker
    53 | D        | Killed a bag of meat
    54 | D        | Noticed a meat berserker
    54 | D        | Killed a destroyer
    54 | D        | Killed a sculptor of flesh
    55 | D        | Noticed a sculptor of flesh
    55 | D        | Noticed a meat berserker
    55 | D        | Noticed a bag of meat
    55 | D        | Killed a meat berserker
    55 | D        | Killed a bag of meat
    56 | D        | Noticed a bag of meat
    56 | D        | Noticed an accursed
    56 | D        | Noticed a large bag of meat
    56 | D        | Killed a bag of meat
    56 | D        | Killed a meat berserker
    56 | D        | Killed a meat berserker
    57 | D        | Noticed a tyrant
    57 | D        | Noticed a bag of meat
    57 | D        | Noticed a bag of meat
    57 | D        | Killed a tyrant
    58 | D        | Noticed a tyrant
    58 | D        | Noticed a bag of meat
    58 | D        | Noticed a destroyer
    58 | D        | Noticed a tyrant
    58 | D        | Noticed a meat berserker
    58 | D        | Noticed a sculptor of flesh
    58 | D        | Killed a meat berserker
    58 | D        | Killed a meat berserker
    59 | D        | Noticed a bag of meat
    59 | D        | Noticed a bag of meat
    59 | D        | Killed a bag of meat
    59 | D        | Killed a bag of meat
    59 | D        | Noticed The Captor
    59 | D        | Noticed a bag of meat
    59 | D        | Noticed a tyrant
    60 | D        | Killed a meat berserker
    60 | D        | Noticed a meat beast
    61 | D        | Killed a meat berserker
    61 | D        | Killed a bag of meat
    61 | D        | Killed a meat berserker
    62 | D        | Noticed an accursed
    62 | D        | Noticed a dread
    62 | D        | Killed a destroyer
    62 | D        | Killed a meat beast
    63 | D        | Killed a destroyer
    64 | D        | Noticed a meat beast
    64 | D        | Noticed a bag of meat
    64 | D        | Noticed a meat beast
    65 | D        | Noticed a bag of meat
    65 | D        | Killed a bag of meat
    65 | D        | Killed The Captor
    65 | D        | Killed a bag of meat
    65 | D        | Killed a dread
    66 | D        | Noticed a meat berserker
    66 | D        | Noticed a destroyer
    66 | D        | Noticed a meat berserker
    66 | D        | Killed a bag of meat
    66 | D        | Killed a bag of meat
    66 | D        | Killed a bag of meat
    66 | D        | Killed a bag of meat
    67 | D        | Killed a meat beast
    67 | D        | Killed a meat beast
    67 | D        | Killed a large bag of meat
    68 | D        | Noticed a bag of meat
    68 | D        | Killed a sculptor of flesh
    68 | D        | Killed a bag of meat
    69 | D        | Noticed a dread
    69 | D        | Killed a tyrant
    69 | D        | Killed a meat berserker
    70 | D        | Noticed a bag of meat
    70 | D        | Noticed a meat beast
    70 | D        | Killed a dread
    70 | D        | Killed a bag of meat
    70 | D        | Killed a tyrant
    71 | D        | Noticed a meat beast
    71 | D        | Noticed a dread
    71 | D        | Killed a sculptor of flesh
    71 | D        | Killed a meat berserker
    72 | D        | Noticed a meat berserker
    72 | D        | Noticed a bag of meat
    72 | D        | Noticed a meat beast
    72 | D        | Noticed a meat berserker
    72 | D        | Noticed a bag of meat
    72 | D        | HP: 16/323 [tyrant/the air (31)]
    72 | D        | Killed from afar by a tyrant

Vault maps used:
D:        meatsprint

Action                   |  1- 3 |  4- 6 |  7- 9 | 10-12 | 13-15 | 16-18 | 19-21 | 22-24 | 25-27 || total
-------------------------+-------+-------+-------+-------+-------+-------+-------+-------+-------++-------
Melee: Executioner's axe |     1 |       |       |     1 |     2 |     3 |     5 |     5 |    32 ||    49
